 Dungeon Crawl Stone Soup version 0.26-a0-188-ga22346179c (console) character file.

Game seed: 8867532619534573400

281 Garrluk the Conjurer (level 6, 0/36 HPs)
             Began as an Octopode Conjurer on July 4, 2020.
             Slain by a ball python (1 damage)
             ... on level 4 of the Dungeon.
             The game lasted 00:11:10 (1784 turns).

Garrluk the Conjurer (Octopode Conjurer)            Turns: 1784, Time: 00:11:11

Health: 0/36       AC:  1    Str:  6    XL:     6   Next: 27%
Magic:  7/11       EV: 10    Int: 22    God:
Gold:   137        SH:  0    Dex: 11    Spells: 1/12 levels left

rFire    . . .     SeeInvis .   i - +0 war axe
rCold    . . .     Faith    .   (no shield)
rNeg     . . .     Spirit   .   (helmet restricted)
rPois    .         Reflect  .   (no amulet)
rElec    .         Harm     .   j - ring of flight
rCorr    .                      (no ring)
MR       .....                  (no ring)
Stlth    +++.......             (no ring)
HPRegen  0.12/turn              (no ring)
MPRegen  0.12/turn              (no ring)
                                (no ring)
                                (no ring)

@: constricted
A: almost no armour, stealthy swim, amphibious, 8 rings, constrict 8, camouflage
1, gelatinous body 1
a: Evoke Flight


You were on level 4 of the Dungeon.
You were not hungry.

You visited 1 branch of the dungeon, and saw 4 of its levels.

You collected 137 gold pieces.

Notes
Turn   | Place    | Note
-------+----------+-------------------------------------------
     0 | D:1      | Garrluk the Octopode Conjurer began the quest for the Orb.
     0 | D:1      | Reached XP level 1. HP: 11/11 MP: 3/3
   232 | D:1      | Reached XP level 2. HP: 17/17 MP: 3/5
   649 | D:1      | Reached XP level 3. HP: 20/21 MP: 3/6
   721 | D:1      | Learned a level 2 spell: Searing Ray
  1059 | D:2      | Found an opulent altar of Gozag.
  1184 | D:3      | Reached skill level 5 in Conjurations
  1187 | D:3      | Found an ancient bone altar of Kikubaaqudgha.
  1189 | D:3      | Reached XP level 4. HP: 27/27 MP: 2/8
  1225 | D:3      | Noticed an ogre
  1234 | D:3      | Killed an ogre
  1234 | D:3      | Reached XP level 5. HP: 31/31 MP: 1/9
  1304 | D:3      | Noticed Natasha
  1310 | D:3      | Killed Natasha
  1310 | D:3      | Reached skill level 6 in Conjurations
  1512 | D:3      | Noticed Natasha
  1520 | D:3      | Killed Natasha
  1520 | D:3      | Reached XP level 6. HP: 36/36 MP: 6/11
  1695 | D:4      | Learned a level 4 spell: Iskenderun's Mystic Blast
  1700 | D:4      | Learned a level 4 spell: Fulminant Prism
  1752 | D:4      | Noticed Eustachio
  1784 | D:4      | HP: 1/36 [ball python (1)]
  1784 | D:4      | Slain by a ball python

Inventory:

Hand Weapons
 i - a +0 war axe (weapon)
   (You found it on level 2 of the Dungeon)
Missiles
 a - 14 poisoned darts (quivered)
Magical Staves
 q - an uncursed staff of wizardry
   (You found it on level 4 of the Dungeon)
Jewellery
 j - a ring of flight (left tentacle)
   (You found it on level 3 of the Dungeon)
Scrolls
 d - 3 scrolls of identify {unknown}
 e - a scroll of random uselessness {unknown}
 f - 2 scrolls of amnesia {unknown}
 l - a scroll of noise {unknown}
 n - a scroll of blinking {unknown}
 p - a scroll of fear {unknown}
 r - a scroll of fog {unknown}
Potions
 c - 2 potions of lignification {unknown}
 g - a potion of might {unknown}
 h - a potion of flight {unknown}
 k - a potion of curing {unknown}
 m - a potion of haste {unknown}
 s - a potion of berserk rage {unknown}
Comestibles
 b - 9 rations
 o - 2 chunks of flesh

Table legend:
 A = Turns spent in this place as a percentage of turns spent in the entire game.
 B = Non-inter-level travel turns spent in this place as a percentage of non-inter-level travel turns spent in the entire game.
 C = Inter-level travel turns spent in this place as a percentage of turns spent in this place.
 D = Turns resting spent in this place as a percentage of non-inter-level travel turns spent in this place.
 E = Turns spent auto-exploring this place as a percentage of non-inter-level travel turns spent in this place.
 F = Non-inter-level travel turns spent in this place divided by the number of levels of this place that you've seen.
                   A       B       C       D       E      F
               +-------+-------+-------+-------+-------+----------------------
         Total | 100.0 | 100.0 |   2.1 |   0.0 |   0.0 | 436.8
       Dungeon | 100.0 | 100.0 |   2.1 |   0.0 |   0.0 | 436.8
               +-------+-------+-------+-------+-------+----------------------


   Skills:
 - Level 2.0 Dodging
 - Level 2.6 Stealth
 + Level 3.6 Spellcasting
 * Level 6.4 Conjurations


You had one spell level left.
You knew the following spells:

 Your Spells              Type           Power        Failure   Level  Hunger
a - Magic Dart            Conj           ####         1%          1    None
b - Searing Ray           Conj           ####..       1%          2    #......
c - Iskenderun's Mystic   Conj/Tloc      ###.....     30%         4    ####...
d - Fulminant Prism       Conj/Hex       ###.......   30%         4    ####...

Your spell library contained the following spells:

 Spells                   Type           Power        Failure   Level  Hunger
 Dazzling Flash           Conj/Hex       ###...       10%         3    ###....


Dungeon Overview and Level Annotations

Branches:
Dungeon (4/15)
 Temple: D:4-7

Altars:
Gozag
Kikubaaqudgha

Annotations:
D:4 Eustachio


Innate Abilities, Weirdness & Mutations

You cannot wear most types of armour.
You are very stealthy in the water. (Stealth+)
You are amphibious.
You can wear up to eight rings at the same time.
You can use your tentacles to constrict eight enemies at once.
Your skin changes colour to match your surroundings (Stealth+).
Your rubbery body absorbs attacks. (AC +1, EV +1)


Message History

The ball python closely misses you.
You closely miss the ball python. Your grab misses the ball python.
The ball python barely misses you. The ball python grabs you.
The ball python constricts you. The ball python misses you.
* * * LOW HITPOINT WARNING * * *
The ball python constricts you.
Eustachio gestures wildly while chanting.
You closely miss the ball python. You grab the ball python. You hit the quokka.
You kill the quokka!
The quokka's corpse disappears in a puff of smoke!
You constrict the ball python. The ufetubus hits you.
* * * LOW HITPOINT WARNING * * *
The ufetubus hits you.
* * * LOW HITPOINT WARNING * * *
The ball python bites you but does no damage.
* * * LOW HITPOINT WARNING * * *
The ball python constricts you.
Eustachio casts a spell.
The ball python closely misses you.
You die...

... ..# # #.# #.# #. #.# #.#
##.####.# #.# ....##.# #.# ####
### #.#.##.# #.# #.. ..# #
#.#.##b####.# #.# #.#.#
#...@.[.@S..###.#####.#.#
#..5..r5.##>...........>#
#.#.##.#.##.###.##.##.###
#.#.##.#.##.###.##.##.#
########.#.##.#..............#
##..........##.####.####.#.##.#
...##.....####.# #.####.#.##.#
.....(##### #.# #.##...#.##.#
#.)#..# #5# #.##.###.##.#


You could see Eustachio, 2 ufetubi, a bat (summoned), a ball python and a rat
(summoned).

Table legend:
 A = Kills in this place as a percentage of kills in entire the game.
 B = Kills by you in this place as a percentage of kills by you in the entire game.
 C = Kills by friends in this place as a percentage of kills by friends in the entire game.
 D = Other kills in this place as a percentage of other kills in the entire game.
 E = Experience gained in this place as a percentage of experience gained in the entire game.
 F = Experience gained in this place divided by the number of levels of this place that you have seen.
                   A       B       C       D       E      F
               +-------+-------+-------+-------+-------+----------------------
         Total | 100.0 | 100.0 |   N/A |   N/A | 100.0 | 100.5
       Dungeon | 100.0 | 100.0 |   N/A |   N/A | 100.0 | 100.5
               +-------+-------+-------+-------+-------+----------------------

Vanquished Creatures
  Monster Symbol All 'J'
  An ooze (D:4)
1 creature vanquished. All 'K' 5 kobolds
5 creatures vanquished. All 'O' An ogre (D:3)
1 creature vanquished. All 'S' 6 adders A ball python (D:1)
7 creatures vanquished. All 'Z' A centaur skeleton (D:4) An adder skeleton (D:4)
2 creatures vanquished. All 'b' 3 bats
3 creatures vanquished. All 'g' 8 goblins 8 hobgoblins
16 creatures vanquished. All 'h' Natasha (twice) (D:3) 2 jackals (D:3)
4 creatures vanquished. All 'l' 2 leopard geckos (D:1) 5 frilled lizards
7 creatures vanquished. All 'o' An orc (D:4)
1 creature vanquished. All 'r' A quokka (D:4) 11 rats
12 creatures vanquished. All 's' 2 giant cockroaches
2 creatures vanquished.
61 creatures vanquished. Monster Nature Uniques Natasha (twice) (D:3)
2 creatures vanquished. Natural Monsters An ogre (D:3) 6 adders An ooze (D:4) 2 leopard geckos (D:1) An orc (D:4) 2 giant cockroaches 8 goblins 8 hobgoblins 2 jackals (D:3) A quokka (D:4) A ball python (D:1) 3 bats 5 frilled lizards 5 kobolds 11 rats
57 creatures vanquished. Undead Monsters A centaur skeleton (D:4) An adder skeleton (D:4)
2 creatures vanquished.
61 creatures vanquished. Ascending Order An ogre (D:3) A centaur skeleton (D:4) An ooze (D:4) An adder skeleton (D:4) An orc (D:4) A quokka (D:4) A ball python (D:1) Natasha (twice) (D:3) 2 leopard geckos (D:1) 2 jackals (D:3) 2 giant cockroaches 3 bats 5 kobolds 5 frilled lizards 6 adders 8 goblins 8 hobgoblins 11 rats
61 creatures vanquished.

Action                   |  1- 3 |  4- 6 || total
-------------------------+-------+-------++-------
Melee: Unarmed           |     3 |       ||     3
       Constrict         |     9 |     4 ||    13
       Tentacles         |     4 |     2 ||     6
       Club              |    17 |       ||    17
       War axe           |     4 |    16 ||    20
       Staff             |       |     2 ||     2
Throw: Dart              |       |     2 ||     2
 Cast: Magic Dart        |    45 |    28 ||    73
       Searing Ray       |       |     6 ||     6
 Stab: Sleeping          |     4 |     1 ||     5
  Eat: Chunk             |     1 |     2 ||     3
Armor: Skin              |     2 |     3 ||     5
Dodge: Dodged            |    25 |    26 ||    51
